 Dungeon Crawl Stone Soup version 0.19-a0-320-gcfc3c9c (webtiles) character file.

76 MrRokkomies the Insei (level 4, -2/28 HPs)
             Began as an Octopode Transmuter on May 28, 2016.
             Slain by a gnoll
             ... wielding a +0 flail
              (13 damage)
             ... on level 2 of the Dungeon.
             The game lasted 00:03:52 (2451 turns).

MrRokkomies the Insei (Octopode Transmuter)         Turns: 2451, Time: 00:03:52

Health: -2/28      AC:  1    Str:  9    XL:     4   Next: 32%
Magic:  0/7        EV: 12    Int: 16    God:
Gold:   101        SH:  0    Dex: 12    Spells: 3 memorised, 1 level left

rFire  . . .     SeeInvis .       - Unarmed
rCold  . . .     Gourm    .     (no shield)
rNeg   . . .     Faith    .     (helmet restricted)
rPois  .         Spirit   .     (no amulet)
rElec  .         Dismiss  .     (no ring)
rCorr  .         Reflect  .     (no ring)
SustAt .         Harm     .     (no ring)
MR     .....                    (no ring)
Stlth  ++........               (no ring)
                                (no ring)
                                (no ring)
                                (no ring)

@: not resistant to hostile enchantments, unstealthy
A: almost no armour, amphibious, 8 rings, constrict 8, camouflage 1, gelatinous
body 1
a: no special abilities


You were on level 2 of the Dungeon.
You were not hungry.

You visited 1 branch of the dungeon, and saw 2 of its levels.

You collected 101 gold pieces.

Inventory:

Missiles
 a - 29 arrows
 g - 8 poisoned needles
Scrolls
 e - 2 scrolls of remove curse
 f - a scroll of teleportation
Potions
 h - 2 potions of flight
 m - a potion of heal wounds {unknown}
Books
 b - a book of Changes

   Spells                             Type                      Level
   a - Beastly Appendage              Transmutation                1
   b - Sticks to Snakes               Transmutation                2
   c - Spider Form                    Transmutation/Poison         3
   d - Ice Form                       Ice/Transmutation            4
   e - Blade Hands                    Transmutation                5
Comestibles
 c - 2 bread rations
 l - a royal jelly


   Skills:
 - Level 1.0 Fighting
 - Level 2.0 Dodging
 * Level 4.0 Unarmed Combat
 - Level 2.0 Spellcasting
 * Level 3.5 Transmutations


You had one spell level left.
You knew the following spells:

 Your Spells              Type           Power        Failure   Level  Hunger
a - Beastly Appendage     Tmut           ##....       6%          1    #......
b - Sticks to Snakes      Tmut           ##......     10%         2    ###....
c - Spider Form           Tmut/Pois      #.........   34%         3    ###....


Dungeon Overview and Level Annotations

Branches:
Dungeon (2/15)

Altars:
Yredelemnul


Innate Abilities, Weirdness & Mutations

You cannot wear most types of armour.
You are amphibious.
You can wear up to eight rings at the same time.
You can use your tentacles to constrict eight enemies at once.
Your skin changes colour to match your surroundings (Stealth+).
Your rubbery body absorbs attacks. (AC +1)


Message History

Your ball python barely misses the gnoll.
Your ball python grabs the gnoll.
Your ball python constricts the gnoll.
The gnoll struggles to escape constriction.
The gnoll hits your ball python with a club.
Your ball python bites the gnoll but does no damage.
Your ball python constricts the gnoll.
The gnoll struggles to escape constriction.
The gnoll hits your ball python with a club.
Your ball python dies!
Casting: Sticks to Snakes
Confirm with . or Enter, or press ? or * to list all spells.
You create a snake!
You now have 29 arrows.
The gnoll hits you with a flail.
You closely miss the gnoll. You grab the gnoll.
You constrict the gnoll, but do no damage.
The gnoll completely misses you.
The gnoll completely misses your ball python.
Your ball python bites the gnoll but does no damage.
You tentacle-slap the gnoll but do no damage.
You constrict the gnoll. The gnoll hits you with a flail!
You die...

*,*** *#...#****#.......########
,,,** ##g## ##.....## ,,,,** #.#
##.)..# ,,,,,* #.# ##.#+## ,,,,**
#.### ##...## ,,,** #.†.##
##.....## # *,** ###.g##
*#.......## ##
,,,**#######.g.####........<####.
,,,,,.........Sg@.'.........'....
,,,**#######...####.........####.
*,,* #.........###.......## ##
**,* #.#.#.#.#.# ##.....## # *,*
#.#.#.#.#.# ##...## *,*
#.#.#.#.#.# ##+## *,* #.#.#...#.#
#.# *,* #.#.##..#.# #.# *,*
#.#.......# ##.##


You could see 3 gnolls and a friendly ball python.

Vanquished Creatures
  A gnoll (D:2)
  3 adders (D:2)
  A worm (D:2)
  2 dart slugs
  4 bats
  4 goblins
  6 hobgoblins
  8 kobolds
  A quokka (D:2)
  2 giant newts (D:1)
  2 rats (D:1)
34 creatures vanquished.

Notes
Turn   | Place    | Note
--------------------------------------------------------------
     0 | D:1      | MrRokkomies the Octopode Transmuter began the quest for the Orb.
     0 | D:1      | Reached XP level 1. HP: 13/13 MP: 3/3
   252 | D:1      | Reached XP level 2. HP: 8/18 MP: 5/5
   590 | D:1      | Learned a level 2 spell: Sticks to Snakes
  1324 | D:2      | Reached XP level 3. HP: 16/23 MP: 6/6
  1577 | D:2      | Learned a level 3 spell: Spider Form
  1665 | D:2      | Found a basalt altar of Yredelemnul.
  1667 | D:2      | Noticed a profane servitor
  2079 | D:2      | Reached XP level 4. HP: 14/28 MP: 7/7
  2412 | D:2      | Reached skill level 4 in Unarmed Combat
  2451 | D:2      | Slain by a gnoll

Vault maps used:
D:1:      matt_arrival_diagonals, minmay_liquid_box
D:2:      grunt_temple_overflow_holy_war

Skill      XL: |  1  2  3  4 |
---------------+-------------+-----
Transmutations | 3 |  3.5
Unarmed Combat | 4 |  4.0
Fighting       | |  1.0
Dodging        | |  2.0
Spellcasting   | |  2.0

Action                   |  1- 3 |  4- 6 || total
-------------------------+-------+-------++-------
Melee: Unarmed           |    76 |    10 ||    86
       Constrict         |    19 |     4 ||    23
       Tentacles         |     7 |     2 ||     9
       Kick              |     2 |     2 ||     4
 Cast: Sticks to Snakes  |     2 |     4 ||     6
       Beastly Appendage |     2 |     1 ||     3
  Use: Scroll            |     6 |       ||     6
 Stab: Sleeping          |     3 |       ||     3
  Eat: Chunk             |     3 |     2 ||     5
Armor: Skin              |     6 |       ||     6
Dodge: Dodged            |    52 |     6 ||    58
